 Dungeon Crawl Stone Soup version 0.23-a0-650-ga4d50d4 (webtiles) character file.

344472 Loading the Shatterer (level 22, -6/146 HPs)
             Began as a Gargoyle Monk on Dec 13, 2018.
             Was a High Priest of Trog.
             Killed from afar by an ice dragon (76 damage)
             ... with a blast of cold
             ... on level 2 of the Depths on Jan 5, 2019.
             The game lasted 03:51:02 (56585 turns).

Loading the Shatterer (Gargoyle Monk)              Turns: 56585, Time: 03:51:03

Health: -6/146     AC: 61    Str: 21    XL:     22   Next: 8%
Magic:  22/22      EV: 15    Int: 15    God:    Trog [*****.]
Gold:   2282       SH: 16    Dex: 31    Spells: 21/21 levels left

rFire    + . .     SeeInvis .   D - +3 morningstar (protect)
rCold    x . .     Gourm    .   P - +3 warlock's mirror {reflect}
rNeg     + . .     Faith    .   O - +2 crystal plate armour
rPois    ∞         Spirit   .   A - +1 helmet
rElec    +         Reflect  +   U - +1 cloak
rCorr    .         Harm     .   R - +1 pair of gloves {Dex+3}
MR       ++...                  z - +0 pair of boots
Stlth    ..........             l - +3 amulet of reflection
HPRegen  0.34/turn              L - +5 ring of dexterity
MPRegen  0.18/turn              G - ring of Vutont {Fire *Slow MR+ Str+7 Dex+4}

@: protection aura, flying
A: big wings, negative energy resistance 1, electricity resistance, unbreathing,
petrification resistance, rot immunity, AC +16
}: 2/15 runes: decaying, serpentine
a: Stop Flying, Berserk, Trog's Hand, Brothers in Arms, Renounce Religion


You were on level 2 of the Depths.
You worshipped Trog.
Trog was extremely pleased with you.
You were very hungry.

You visited 8 branches of the dungeon, and saw 38 of its levels.
You visited the Abyss 1 time.
You visited 1 bazaar.
You also visited: Volcano.

You collected 3977 gold pieces.
You spent 1695 gold pieces at shops.

Inventory:

Hand Weapons
 D - a +3 morningstar of protection (weapon)
 T - a +2 morningstar of draining
Armour
 z - a +0 pair of boots (worn)
 A - a +1 helmet (worn)
 H - a +0 cloak of invisibility
 O - a +2 crystal plate armour (worn)
 P - the +3 warlock's mirror (worn) {reflect}
   (You found it on level 13 of the Dungeon)
 R - a +1 pair of gloves of dexterity (worn)
 U - a +1 cloak (worn)
Jewellery
 e - an uncursed ring of see invisible
 l - a +3 amulet of reflection (around neck)
 p - an uncursed ring of protection from fire
 u - an uncursed ring of stealth
 y - an uncursed ring of protection from cold
 G - the ring of Vutont (right hand) {Fire *Slow MR+ Str+7 Dex+4}
   (You found it on level 10 of the Dungeon)

   [ring of fire]

   It enhances your fire magic.
   It affects your strength (+7).
   It affects your dexterity (+4).
   It protects you from fire.
   It makes you vulnerable to cold.
   It affects your resistance to hostile enchantments.
   It may slow you when you take damage.
 L - a +5 ring of dexterity (left hand)
 M - an uncursed ring of positive energy
Wands
 o - a wand of digging (20)
 I - a wand of flame (29)
 J - a wand of disintegration (12)
 S - a wand of clouds (9)
Scrolls
 d - 4 scrolls of fear
 h - 2 scrolls of silence
 j - a scroll of immolation
 k - 2 scrolls of brand weapon
 n - 2 scrolls of blinking
 q - 17 scrolls of remove curse
 s - 3 scrolls of fog
 v - 9 scrolls of enchant weapon
 B - a scroll of noise
 F - 8 scrolls of teleportation
 K - 2 scrolls of magic mapping
 Q - 3 scrolls of identify
 X - a scroll of enchant armour
 Y - a scroll of holy word
Potions
 a - a potion of haste
 b - 5 potions of agility
 f - 5 potions of brilliance
 g - 3 potions of resistance
 i - 5 potions of heal wounds
 m - a potion of invisibility
 r - 14 potions of curing
 t - a potion of ambrosia
 w - 6 potions of flight
 x - 5 potions of might
 C - 4 potions of magic
 E - 3 potions of lignification
 N - a potion of cancellation
Comestibles
 c - 24 rations


   Skills:
 + Level 17.7 Fighting
 * Level 21.9 Maces & Flails
 + Level 17.5 Armour
 + Level 14.2 Dodging
 - Level 2.1 Stealth
 + Level 14.0 Shields


You had 21 spell levels left.
You didn't know any spells.
Your spell library contained the following spells:

 Spells                   Type           Power        Failure   Level  Hunger
 Confusing Touch          Hex            #.....       100%        1    ##.....
 Confuse                  Hex            #.......     100%        3    ####...
 Gell's Gravitas          Tloc           #.........   100%        3    ####...
 Petrify                  Tmut/Erth      #.......     100%        4    #####..
 Metabolic Englaciation   Hex/Ice        #.........   100%        5    ######.
 Yara's Violent Unravell  Hex/Tmut       #.........   100%        5    ######.


Dungeon Overview and Level Annotations

Branches:
Dungeon (15/15)            Temple (1/1) D:4            Lair (6/6) D:8
  Swamp (4/4) Lair:4        Snake (4/4) Lair:3        Slime (0/5) Lair:5
    Orc (2/2) D:11            Elf (0/3) Orc:2        Vaults (4/5) D:14
  Crypt (0/3) Vaults:3     Depths (2/5) D:15

Altars:
Ashenzari
Cheibriados
Dithmenos
Elyvilon
Fedhas
Gozag
Hepliaklqana
Kikubaaqudgha
Makhleb
Nemelex Xobeh
Okawaru
Qazlal
Ru
Sif Muna
Trog
Uskayaw
Vehumet
Wu Jian
Xom
Yredelemnul
Zin
The Shining One
Beogh
Jiyva

Shops:
D:11 (   Orc:2 [(=*   Snake:3 (   Vaults:2 [   Depths:1 *   Depths:2 =

Portals:
Hell: Depths:1
Abyss: Depths:1

Annotations:
D:3 Sigmund
D:8 Maurice
Lair:5 1 runed door


Innate Abilities, Weirdness & Mutations

You are resistant to torment.
Your stone body is resilient. (AC +16)
You are immune to poison.
Your large and strong wings let you fly indefinitely.
You resist negative energy. (rN+)
You are resistant to electric shocks. (rElec)
You can survive without breathing.
You are immune to petrification.
You are immune to rotting.


Message History

The ice dragon closely misses you.
The ice dragon claws you but does no damage.
The ice dragon tramples you but does no damage.
You bludgeon the ice dragon!!
The ice dragon is heavily wounded.
You block the ice dragon's attack. x2
The ice dragon tramples you but does no damage.
You impale the ice dragon!!
The ice dragon is severely wounded.
Your crystal plate armour prevents you from hitting the ice dragon.
The ice dragon is severely wounded.
You block the ice dragon's attack.
The ice dragon claws you but does no damage.
The ice dragon closely misses you.
You barely miss the ice dragon.
The ice dragon is severely wounded.
The ice dragon breathes frost at you. The blast of cold hits you!
You feel a terrible chill!
Ouch! That really hurt!
You die...

###.##........#
≈≈..# ....#......(.#
#≈..## #..#........#
#≈≈... #..#........#
≈≈..#
#......(...###≈..##
##.#..#.###.#.#≈...#
#.....#.#(.T..'..#
#.....#.#.#D#.'.##
#.[...#.#.#@#.'..#
#..'###+#...#.#≈...#
#........####.#≈..##
##.......# #.#≈≈..#
#.......# #.##≈≈...
#### #.......# #.#
#≈..#
...####.......# #.#
..............####.#
.####..............#


You could see an ice dragon and a deep troll shaman.

Vanquished Creatures
  Mara (Vaults:2)
  Nikola (Swamp:2)
  Rupert (Lair:3)
  Frances (Snake:1)
  A sphinx (Depths:1)
  4 tengu reavers
  Gastronok (D:11)
  6 nagarajas (Snake:4)
  A thorn hunter (Swamp:1)
  A storm dragon (Vaults:3)
  A frost giant (Depths:1)
  4 deep elf sorcerers
  9 vault wardens
  4 fire giants
  Louise (Snake:1)
  An orc warlord (Orc:1)
  15 ironheart preservers
  9 very ugly things
  5 stone giants
  2 deep elf demonologists
  The ghost of Depyiwoq the Grappler, a journeyman TrEE (Lair:2)
  3 deep elf annihilators
  A dire elephant (Lair:6)
  Snorg (Orc:1)
  9 yaktaur captains
  A deep elf death mage (Vaults:3)
  5 fire dragons
  Josephine (Orc:1)
  A deep elf high priest (Vaults:4)
  A great orb of eyes (Vaults:3)
  11 ogre magi
  6 vault guards
  18 hydras
  Erolcha (Orc:1)
  3 rakshasas
  An ice dragon (Vaults:1)
  13 naga warriors
  15 anacondas
  A ghost crab (Swamp:4)
  5 centaur warriors
  3 death knights
  A shambling mangrove (Swamp:1)
  14 alligators
  3 death yaks (D:8)
  A queen ant (Lair:2)
  33 two-headed ogres
  4 deep troll earth magi
  An orc high priest (Orc:1)
  4 deep troll shamans
  7 tengu warriors
  7 shock serpents
  6 deep elf knights
  8 naga sharpshooters
  6 salamander mystics (Snake:4)
  Nergalle (D:11)
  A shadow wraith (Vaults:3)
  A fire crab (shapeshifter) (Vaults:2)
  8 skeletal warriors
  3 spriggan druids
  2 unseen horrors
  A fire crab (Swamp:4)
  12 deep trolls
  6 lindwurms
  6 naga ritualists
  2 sea snakes (Snake:4)
  2 deep elf archers
  6 swamp dragons
  2 flayed ghosts (Vaults:4)
  13 wizards
  11 ironbrand convokers
  3 phantasmal warriors
  2 tengu zombies
  13 orc knights
  Pikel (D:9)
  4 wolf spiders
  12 mana vipers
  5 orc sorcerers
  6 harpies
  2 necromancers
  13 deep elf magi
  43 slime creatures
  40 ugly things
  7 salamanders
  A manticore (D:15)
  A frost giant zombie (Vaults:4)
  A shining eye (shapeshifter) (D:15)
  Maurice (D:8)
  4 cyclopes
  3 elephants
  10 vault sentinels
  A human skeleton (Vaults:4)
  21 naga magi
  Joseph (D:9)
  6 guardian serpents (Snake:4)
  7 centaur zombies
  A torpor snail (Lair:3)
  45 black mambas
  An eye of devastation (shapeshifter) (Vaults:1)
  A black mamba (shapeshifter) (Vaults:2)
  13 spiny frogs
  A spiny frog (shapeshifter) (D:13)
  2 kobold demonologists (Swamp:1)
  A molten gargoyle (Swamp:4)
  3 gargoyles
  2 rime drakes
  7 freezing wraiths
  7 komodo dragons
  An efreet (Volcano)
  24 yaktaurs
  3 tengu conjurers
  7 trolls
  A harpy zombie (D:15)
  A jumping spider (shapeshifter) (D:13)
  10 polar bears (Lair:6)
  12 tyrant leeches
  3 bog bodies
  7 hornets
  9 hippogriffs
  4 raiju
  10 blink frogs
  A dream sheep (shapeshifter) (Vaults:3)
  A frost giant simulacrum (Vaults:3)
  A hippogriff (shapeshifter) (Depths:2)
  A fire giant simulacrum (Vaults:2)
  A raiju (shapeshifter) (Vaults:2)
  An ettin skeleton (Vaults:3)
  6 wraiths
  9 spriggans
  4 wyverns
  A yak (shapeshifter) (D:15)
  2 vampires
  4 water elementals
  21 yaks
  A basilisk (shapeshifter) (D:15)
  2 steam dragons (Swamp:4)
  3 basilisks
  3 fire bats (Swamp:4)
  44 vampire mosquitoes
  2 hungry ghosts
  Menkaure (D:7)
  2 human simulacra (Vaults:3)
  12 insubstantial wisps
  11 swamp worms
  9 wargs
  31 nagas
  3 acid dragons
  A floating eye (shapeshifter) (Depths:1)
  9 hell hounds (Lair:6)
  2 soldier ants (shapeshifter)
  14 swamp drakes
  10 porcupines
  14 soldier ants (Lair:2)
  16 water moccasins
  2 sky beasts
  A hornet zombie (D:9)
  An ice beast (shapeshifter) (Vaults:1)
  An ice beast (D:15)
  14 black bears
  31 orc warriors
  7 boggarts
  An eye of draining (shapeshifter) (Vaults:3)
  2 eyes of draining
  A necrophage (D:7)
  22 wolves
  30 ogres
  9 centaurs
  10 crocodiles
  5 big kobolds
  15 bullfrogs
  2 gnoll sergeants (D:8)
  5 scorpions
  3 electric eels
  11 wights
  2 howler monkeys
  4 bullfrog zombies
  7 crimson imps
  A quasit (D:9)
  2 jellies
  4 bullfrog skeletons
  17 orc priests
  7 hounds
  2 gnoll shamans (D:8)
  4 iguanas
  3 centaur skeletons
  26 orc wizards
  39 worker ants
  A killer bee zombie (D:10)
  3 hound skeletons
  9 gnolls (D:8)
  A worker ant zombie (D:3)
  13 adders
  A howler monkey skeleton (D:6)
  A river rat (D:8)
  5 shadow imps
  A white imp (Vaults:3)
  2 oozes
  5 adder skeletons
  An adder zombie (D:3)
  2 worms (D:2)
  2 dart slugs
  3 leopard geckos
  68 orcs
  6 bats
  3 giant cockroaches
  14 hobgoblins
  13 jackals
  29 kobolds
  5 quokkas
  2 ball pythons
  2 frilled lizards
  9 goblins
  2 jackal skeletons (D:4)
  A leopard gecko zombie (D:6)
  5 rats
  A briar patch (Swamp:1)
1470 creatures vanquished.

Vanquished Creatures (collateral kills)
  Xtahua (Vaults:2)
  A nagaraja (Snake:3)
  A stone giant (Depths:1)
  3 hydras
  A rakshasa (Depths:1)
  A naga warrior (Snake:4)
  A naga sharpshooter (Snake:4)
  A naga ritualist (Snake:4)
  2 salamanders (Snake:4)
  A black mamba (Snake:4)
  A yaktaur (Depths:1)
  A troll (Orc:1)
  A blink frog (Lair:3)
  A naga (Snake:4)
  5 hell hounds (Lair:6)
  An orc warrior (Orc:1)
  2 wolves (Lair:6)
  An adder (Lair:3)
26 creatures vanquished.

Vanquished Creatures (others)
  Nessos (D:12)
  A hell hog (Lair:2)
  A deep elf archer (Vaults:1)
  A deep elf mage (Vaults:3)
  8 yaktaurs
  2 steam dragons (Swamp:4)
  A swamp drake (Swamp:4)
  6 centaurs
  A centaur skeleton (D:9)
  2 adder skeletons (D:9)
  2 orcs (Vaults:4)
  A kobold (D:12)
  2 briar patches (Swamp:1)
  7 fungi
  28 plants
  4 starspawn tentacles (Abyss:3)
68 creatures vanquished.

Grand Total: 1564 creatures vanquished

Notes
Turn   | Place    | Note
-------+----------+-------------------------------------------
     0 | D:1      | Loading the Gargoyle Monk began the quest for the Orb.
     0 | D:1      | Reached XP level 1. HP: 14/14 MP: 1/1
   147 | D:1      | Reached XP level 2. HP: 19/19 MP: 2/2
   343 | D:1      | Reached skill level 1 in Armour
   353 | D:1      | Reached XP level 3. HP: 10/23 MP: 3/3
  1535 | D:3      | Reached XP level 4. HP: 2/29 MP: 4/4
  2103 | D:2      | Reached skill level 4 in Maces & Flails
  2569 | D:2      | You fall through a shaft for 2 floors!
  2592 | D:2      | Reached XP level 5. HP: 26/33 MP: 5/5
  2998 | D:3      | Found a sparkling altar of Nemelex Xobeh.
  3068 | D:3      | Noticed Sigmund
  3250 | D:4      | Reached XP level 6. HP: 16/38 MP: 6/6
  3559 | D:4      | Reached skill level 5 in Maces & Flails
  3721 | D:4      | Found a staircase to the Ecumenical Temple.
  3749 | Temple   | Entered the Ecumenical Temple
  3869 | Temple   | Became a worshipper of Trog the Wrathful
  3869 | Temple   | Reached * piety under Trog
  3869 | Temple   | Reached ** piety under Trog
  4002 | D:4      | Reached XP level 7. HP: 30/44 MP: 7/7
  4277 | D:4      | Got a jewelled mace
  4279 | D:4      | Identified the +5 mace of the Spinneret {flame, *Slow MR+
                  | Dex+4} (You found it on level 4 of the Dungeon)
  4350 | D:5      | Entered Level 5 of the Dungeon
  4471 | D:5      | Reached skill level 5 in Fighting
  4725 | D:5      | Reached skill level 6 in Maces & Flails
  5167 | D:5      | Reached XP level 8. HP: 39/50 MP: 8/8
  5673 | D:6      | Reached skill level 7 in Maces & Flails
  6055 | D:6      | Reached skill level 5 in Armour
  6389 | D:7      | Reached XP level 9. HP: 56/56 MP: 9/9
  6415 | D:7      | Noticed Menkaure
  6427 | D:7      | Killed Menkaure
  6525 | D:7      | Reached skill level 8 in Maces & Flails
  6558 | D:7      | Reached skill level 5 in Dodging
  6767 | D:7      | Reached *** piety under Trog
  7179 | D:8      | Noticed a death yak
  7201 | D:8      | Killed a death yak
  7201 | D:8      | Reached skill level 9 in Maces & Flails
  7238 | D:8      | Found a staircase to the Lair.
  7239 | D:8      | Noticed a death yak
  7266 | D:8      | Reached XP level 10. HP: 63/63 MP: 10/10
  7271 | D:8      | Noticed a death yak
  7378 | D:8      | Killed a death yak
  7384 | D:8      | Killed a death yak
  7563 | D:8      | Reached skill level 10 in Maces & Flails
  7835 | D:8      | Noticed Maurice
  9202 | Lair:1   | Entered Level 1 of the Lair of Beasts
 10244 | Lair:2   | Noticed a spiny frog
 10253 | Lair:2   | Noticed a six-headed hydra
 10255 | Lair:2   | Killed a spiny frog
 10255 | Lair:2   | Reached XP level 11. HP: 69/69 MP: 11/11
 10265 | Lair:2   | Found a dark tunnel.
 10273 | Volcano  | Entered a volcano
 10310 | Volcano  | Noticed a two-headed ogre
 10360 | Volcano  | Killed a two-headed ogre
 10360 | Volcano  | Reached skill level 11 in Maces & Flails
 10379 | Volcano  | Noticed a two-headed ogre
 10386 | Volcano  | Noticed a hell hog
 10390 | Volcano  | Killed a two-headed ogre
 10399 | Lair:2   | Killed a hell hog
 10681 | Lair:2   | Found a runed door.
 10681 | Lair:2   | Noticed Depyiwoq's ghost (journeyman TrEE)
 11346 | Lair:2   | Noticed a queen ant
 11362 | Lair:2   | Killed a queen ant
 11362 | Lair:2   | Reached **** piety under Trog
 11594 | Lair:2   | Reached skill level 12 in Maces & Flails
 12515 | Lair:3   | Reached XP level 12. HP: 77/77 MP: 12/12
 12527 | Lair:3   | Noticed Rupert
 12538 | Lair:3   | Paralysed by Rupert for 4 turns
 12670 | Lair:4   | Reached skill level 10 in Fighting
 13250 | Lair:4   | Noticed an eight-headed hydra
 13256 | Lair:4   | Killed an eight-headed hydra
 13339 | Lair:4   | Found a staircase to the Swamp.
 13476 | Lair:4   | Killed a six-headed hydra
 14142 | Lair:5   | Noticed an eight-headed hydra
 14151 | Lair:5   | Killed an eight-headed hydra
 14276 | Lair:5   | Reached skill level 13 in Maces & Flails
 14276 | Lair:5   | Reached skill level 10 in Armour
 14569 | Lair:5   | Found a viscous altar of Jiyva.
 14569 | Lair:5   | Noticed an acid blob
 14572 | Lair:5   | Found a runed door.
 14632 | Lair:5   | Found a staircase to the Slime Pits.
 14632 | Lair:5   | Noticed an acid blob
 14632 | Lair:5   | Noticed an acid blob
 15185 | Lair:6   | Entered Level 6 of the Lair of Beasts
 15803 | Lair:6   | Noticed a seven-headed hydra
 15811 | Lair:6   | Killed a seven-headed hydra
 15811 | Lair:6   | Reached XP level 13. HP: 84/84 MP: 13/13
 16881 | Lair:6   | Reached skill level 14 in Maces & Flails
 17319 | Lair:6   | Noticed a dire elephant
 17336 | Lair:6   | Killed a dire elephant
 17393 | Lair:6   | Received a gift from Trog
 18445 | Lair:3   | Found a staircase to the Snake Pit.
 18678 | Lair:3   | Paralysed by Rupert for 3 turns
 18700 | Lair:3   | Killed Rupert
 18774 | Lair:3   | Gained mutation: Your large and strong wings let you fly
                  | indefinitely. [Gargoyle growth]
 18774 | Lair:3   | Reached XP level 14. HP: 92/92 MP: 14/14
 19621 | Lair:2   | Killed Depyiwoq's ghost
 19812 | D:8      | Killed Maurice
 19812 | D:8      | Reached skill level 15 in Maces & Flails
 19996 | D:9      | Noticed Joseph
 20013 | D:9      | Killed Joseph
 20420 | D:9      | Noticed Pikel
 20429 | D:9      | Killed Pikel
 20797 | D:10     | Entered Level 10 of the Dungeon
 21253 | D:10     | Got a clouded steel ring
 21588 | D:10     | Reached skill level 1 in Shields
 22393 | D:11     | Noticed Gastronok
 22402 | D:11     | Killed Gastronok
 22641 | D:11     | Noticed Nergalle
 22660 | D:11     | Killed Nergalle
 22698 | D:11     | Found Jeuled's Weapon Shop.
 22720 | D:11     | Found a staircase to the Orcish Mines.
 22876 | Orc:1    | Entered Level 1 of the Orcish Mines
 22965 | Orc:1    | Noticed Erolcha
 22974 | Orc:1    | Killed Erolcha
 22994 | Orc:1    | Noticed Snorg
 23014 | Orc:1    | Killed Snorg
 23196 | Orc:1    | Paralysed by an orc sorcerer for 6 turns
 23354 | Orc:2    | Entered Level 2 of the Orcish Mines
 23637 | Orc:1    | Identified the ring of Vutont {Fire *Slow MR+ Str+7 Dex+4}
                  | (You found it on level 10 of the Dungeon)
 23662 | Orc:2    | Noticed an orc warlord
 23858 | Orc:1    | Killed an orc warlord
 23935 | Orc:1    | Reached skill level 10 in Dodging
 24464 | Orc:2    | Found a roughly hewn altar of Beogh.
 24610 | Orc:2    | Found Bem Diuq's Antique Armour Emporium.
 24625 | Orc:2    | Found Pyijaf's Jewellery Emporium.
 24647 | Orc:2    | Found Dija's General Store.
 24655 | Orc:2    | Bought a scroll of identify for 34 gold pieces
 24655 | Orc:2    | Bought a scroll of identify for 34 gold pieces
 24664 | Orc:2    | Found Lozahiza's Antique Weapon Emporium.
 24713 | Orc:2    | Found a roughly hewn altar of Beogh.
 24920 | Orc:2    | Found a staircase to the Elven Halls.
 25146 | Orc:2    | Found a roughly hewn altar of Beogh.
 25309 | Orc:1    | Noticed Josephine
 25333 | Orc:1    | Killed Josephine
 25831 | D:12     | Reached XP level 15. HP: 93/97 MP: 15/15
 25951 | D:12     | Found a deep blue altar of Sif Muna.
 26129 | D:12     | Noticed Nessos
 26132 | D:12     | Killed Nessos
 26179 | D:12     | Reached skill level 16 in Maces & Flails
 26689 | D:13     | Reached ***** piety under Trog
 26760 | D:13     | Reached skill level 5 in Shields
 26970 | D:13     | Cast into level 2 of the Abyss (a wizard)
 27065 | Abyss:2  | Noticed a lich
 27103 | Abyss:3  | Noticed a lich
 27155 | Abyss:3  | Noticed a balrug
 27336 | Abyss:3  | Noticed a tentacled starspawn
 27427 | Abyss:3  | Found an iron altar of Okawaru.
 27447 | D:13     | Escaped the Abyss
 27491 | D:13     | Found the +3 warlock's mirror {reflect}
 28182 | D:14     | Found a white marble altar of Elyvilon.
 28287 | D:14     | Found a gate to the Vaults.
 28759 | Snake:1  | Entered Level 1 of the Snake Pit
 29180 | Snake:1  | Noticed Frances
 29192 | Snake:1  | Killed Frances
 29420 | Snake:1  | Noticed Louise
 29436 | Snake:1  | Killed Louise
 30184 | Snake:2  | Reached XP level 16. HP: 104/104 MP: 16/16
 30529 | Snake:3  | Found a glowing golden altar of the Shining One.
 30594 | Snake:3  | Found Ocvinops's Weapon Boutique.
 30791 | Snake:3  | Reached skill level 17 in Maces & Flails
 30881 | Snake:3  | Noticed a nagaraja
 30889 | Snake:3  | Killed a nagaraja
 31976 | Snake:4  | Entered Level 4 of the Snake Pit
 32629 | Snake:4  | Received a gift from Trog
 33061 | Snake:4  | Noticed a nagaraja
 33062 | Snake:4  | Noticed a nagaraja
 33120 | Snake:4  | Killed a nagaraja
 33120 | Snake:4  | Reached XP level 17. HP: 64/112 MP: 17/17
 33991 | Snake:4  | Reached skill level 18 in Maces & Flails
 34671 | Snake:4  | Got a serpentine rune of Zot
 34910 | D:8      | Upgraded the game from 0.23-a0-558-g30802b1 to
                  | 0.23-a0-582-g1b4a0ca
 35007 | Swamp:1  | Entered Level 1 of the Swamp
 35022 | Swamp:1  | Received a gift from Trog
 35209 | Swamp:1  | Reached skill level 15 in Fighting
 36226 | Swamp:1  | Reached XP level 18. HP: 117/119 MP: 18/18
 36633 | Swamp:2  | Found a shattered altar of Ashenzari.
 36665 | Swamp:2  | Reached skill level 10 in Shields
 36704 | Swamp:2  | Noticed Nikola
 36723 | Swamp:2  | Killed Nikola
 36750 | Swamp:2  | Received a gift from Trog
 38415 | Swamp:3  | Reached skill level 19 in Maces & Flails
 38658 | Swamp:4  | Entered Level 4 of the Swamp
 38668 | Swamp:4  | Reached skill level 15 in Armour
 39283 | Swamp:4  | Received a gift from Trog
 39377 | Swamp:3  | Reached ****** piety under Trog
 40304 | Swamp:4  | Got a decaying rune of Zot
 40794 | D:15     | Entered Level 15 of the Dungeon
 41499 | D:15     | Received a gift from Trog
 41512 | D:15     | Found a staircase to the Depths.
 41643 | D:15     | Found a snail-covered altar of Cheibriados.
 41670 | D:15     | Reached XP level 19. HP: 122/125 MP: 19/19
 42116 | Depths:1 | Entered Level 1 of the Depths
 42326 | Depths:1 | Paralysed by a floating eye for 3 turns
 42382 | Depths:1 | Found a one-way gate to the infinite horrors of the Abyss.
 42623 | Depths:1 | Found Fiuckerr's Island Escapes.
 42771 | Depths:1 | Bought a scroll of blinking for 82 gold pieces
 42771 | Depths:1 | Bought a scroll of blinking for 82 gold pieces
 42771 | Depths:1 | Bought a scroll of teleportation for 33 gold pieces
 42804 | Depths:1 | Found a gateway to Hell.
 44506 | Depths:1 | Upgraded the game from 0.23-a0-582-g1b4a0ca to
                  | 0.23-a0-650-ga4d50d4
 44613 | Vaults:1 | Entered Level 1 of the Vaults
 44729 | Vaults:1 | Received a gift from Trog
 44834 | Vaults:1 | Reached skill level 20 in Maces & Flails
 46260 | Vaults:1 | Received a gift from Trog
 46575 | Vaults:2 | Reached XP level 20. HP: 86/132 MP: 20/20
 46754 | Vaults:2 | Found Yruloj Ixup's Armour Emporium.
 47918 | Vaults:2 | Received a gift from Trog
 48151 | Vaults:2 | Noticed Mara
 48167 | Vaults:2 | Noticed Loading's illusion
 48184 | Vaults:2 | Noticed Xtahua
 48198 | Vaults:2 | Killed Xtahua
 48238 | Vaults:2 | Killed Mara
 50051 | Vaults:3 | Reached skill level 21 in Maces & Flails
 50058 | Vaults:3 | Received a gift from Trog
 50241 | Vaults:3 | Reached XP level 21. HP: 82/139 MP: 21/21
 50875 | Vaults:3 | Found a staircase to the Crypt.
 52254 | Vaults:3 | Received a gift from Trog
 53227 | Vaults:4 | Found a flickering gateway to a bazaar.
 53251 | Bazaar   | Entered a bazaar
 53317 | Bazaar   | Found Seffeczewo's Assorted Antiques.
 53317 | Bazaar   | Found Ydoemuec's Gadget Shoppe.
 53342 | Bazaar   | Found Alyirid's Distillery.
 53342 | Bazaar   | Found Nouduo's Antique Armour Shoppe.
 53369 | Bazaar   | Found Qibos's Magic Scroll Emporium.
 53426 | Bazaar   | Bought a scroll of identify for 26 gold pieces
 53426 | Bazaar   | Bought a scroll of identify for 26 gold pieces
 53426 | Bazaar   | Bought a scroll of enchant weapon for 97 gold pieces
 53426 | Bazaar   | Bought a scroll of teleportation for 39 gold pieces
 53426 | Bazaar   | Bought a scroll of enchant weapon for 97 gold pieces
 53444 | Bazaar   | Bought a potion of haste for 160 gold pieces
 53444 | Bazaar   | Bought a potion of agility for 64 gold pieces
 53444 | Bazaar   | Bought a potion of might for 64 gold pieces
 53444 | Bazaar   | Bought a potion of heal wounds for 80 gold pieces
 53450 | Bazaar   | Bought a glowing helmet for 142 gold pieces
 53450 | Bazaar   | Bought a pair of runed gloves for 142 gold pieces
 53450 | Bazaar   | Bought a pair of runed gloves for 142 gold pieces
 53480 | Bazaar   | Bought a scroll of identify for 38 gold pieces
 53480 | Bazaar   | Bought a potion of agility for 76 gold pieces
 53480 | Bazaar   | Bought an embroidered cloak for 142 gold pieces
 53480 | Bazaar   | Bought a potion of curing for 57 gold pieces
 53480 | Bazaar   | Bought a scroll of identify for 38 gold pieces
 54840 | Vaults:4 | Received a gift from Trog
 55507 | Vaults:4 | Reached XP level 22. HP: 117/146 MP: 22/22
 56463 | Depths:2 | Found Nyguafeb's Jewellery Boutique.
 56585 | Depths:2 | Killed from afar by an ice dragon

Vault maps used:
D:1:      dpeg_arrival_court, hangedman_decor_clover_reticule,
          due_unseen_surprise
D:2:      first_ration, serial_forest, infiniplex_forest_straight_5,
          infiniplex_forest_clump_diagonal, infiniplex_forest_clump_double,
          infiniplex_forest_lined_4_way, infiniplex_forest_3_way,
          infiniplex_forest_clump_large, minmay_misc_feat_nine_boxes
D:3:      lemuel_round_altar, serial_undead, serial_undead_a, serial_undead_c,
          serial_undead_a, serial_undead_c, uniq_sigmund
D:4:      minmay_temple_entry_drinking_statues
D:6:      hex_intersection, chequers_serial_rivers_micro_e
D:7:      corexii_hall_statues_i, the_bakery, uniq_menkaure
D:8:      kennysheep_housing_project, dpeg_lair_monsters, uniq_maurice
D:9:      uniq_pikel, uniq_joseph
D:10:     serial_rivers, chequers_serial_rivers_small_3,
          chequers_serial_rivers_room_b, chequers_serial_rivers_micro_d,
          chequers_serial_rivers_micro_b, chequers_serial_rivers_room_b
D:11:     orc_0_dummy, serial_shops, shop, patterned_corridor, uniq_nergalle,
          uniq_gastronok
D:12:     basic_altar, kennysheep_generic_room_10, uniq_nessos
D:13:     minmay_smoke_and_mirrors
D:14:     david_vaults_5, lemuel_doored_altar, serial_bayou_ford_a
D:15:     gammafunk_enter_depths_forms, chequers_serial_rivers_small_a,
          cheibriados_altar_1
Temple:   grunt_wide_crystal_templ
Lair:2:   nicolae_volcano_entry_lava_flow, hellmonk_ghost_happy_afterlife,
          zaba_anthell, lemuel_fruit_fields, serial_bayou_shore_b,
          infiniplex_staircase_pool
Lair:3:   minmay_snake_entry_six_corridors, hangedman_lair_unloving_vines,
          uniq_rupert
Lair:4:   minmay_swamp_entry_swarm, nicolae_quartered_pool_little,
          chequers_serial_rivers_micro_c, grunt_megastairs_5
Lair:5:   slime_altar_2, minmay_lindwurm_lava
Lair:6:   hangedman_lair_caniforms_friends
Swamp:1:  evilmike_swamp_ruin_house_4, swamp_pool4, cheibrodos_swamp_kobolds
Swamp:2:  nicolae_swamp_fairy_circle, swamp_pool5, lemuel_altar_in_water,
          uniq_nikola
Swamp:3:  evilmike_swamp_ruin_rubble_1, swamp_pool2
Swamp:4:  swamp_fiery
Snake:1:  uniq_frances, uniq_louise
Snake:3:  basic_altar, serial_shops, shop, grunt_megastairs_4,
          serial_bayou_shore_b
Snake:4:  snake_pit_salamanders_mu, serial_bayou_shore_a
Orc:1:    uniq_snorg, uniq_josephine, uniq_erolcha
Orc:2:    grunt_orc_cross, basic_altar, david_defended_altar_orc
Vaults:1: v_alt_pattern_1, nicolae_vaults_diagonal_hallway_7, st_eye,
          ontoclasm_vaults_misaligned, vaults_room_grid, vaults_room_fours,
          hangedman_vaults_maws
Vaults:2: ontoclasm_vaults_idyll, hangedman_vaults_corner_blocks,
          grunt_vaults_diagonal, ontoclasm_vaults_ring_square,
          nicolae_vaults_rhombus_6, vaults_dpeg_encased_lava,
          dpeg_vaults_monster_row, vaults_mumra_chevron_long,
          hangedman_vaults_stream, v_rooms_2, serial_ice_g, v_misc_1,
          ontoclasm_vaults_decontamination, vaults_standard_mumra_lines,
          serial_shops, nicolae_shop_waterfront, uniq_mara, uniq_xtahua
Vaults:3: hangedman_vaults_slither, dpeg_vaults_monster_box,
          nicolae_vaults_network_square, vaults_room_hangedman_quadrants,
          grunt_vaults_focal, hangedman_vaults_trim, vaults_room_octagon,
          v_misc_13, nicolae_vaults_little_squares_3, serial_ice_m, v_misc_27,
          nicolae_vaults_little_squares_6, blue_anna_dwarven_crypt
Vaults:4: v_misc_5, dpeg_vaults_waves, nicolae_vaults_big_ls,
          ontoclasm_vaults_hangar, vaults_room_fours,
          nicolae_vaults_circle_grid_a, v_misc_30, nicolae_vaults_specimen_jars,
          vaults_dpeg_ring, serial_shops, freezing_bzr
Depths:1: cheibrodos_birdhouse, hell_entry, minmay_misc_feat_square,
          nicolae_abyss_entry_one_way_or_another, nicolae_island_escapes
Depths:2: kennysheep_large_vault, serial_bayou_pond_c, serial_shops,
          nicolae_shop_window_shopping, grunt_hell_entry_dis_old,
          nrook_pool_corridor, infiniplex_staircase_zigzag_1
Abyss:3:  evilmike_abyss_exit_16, due_exit_kobolds
Bazaar:   bazaar_long_row
Volcano:  volcano_village

Skill      XL: |  1  2  3  4  5  6  7  8  9 10 11 12 13 14 15 16 17 18 19 20 21 22 |
---------------+-------------------------------------------------------------------+-----
Armour         | 1 2 3 4 5 6 7 9 10 11 12 13 14 15 16 17 | 17.5
Maces & Flails | 4 5 6 7 9 10 12 13 14 15 16 17 18 19 20 21 | 21.9
Fighting       | 4 5 6 7 8 9 11 12 13 14 15 16 17 | 17.7
Dodging        | 3 4 5 6 7 8 9 10 11 12 13 14 | 14.2
Shields        | 4 6 8 9 11 12 13 14 | 14.0
Stealth        | |  2.1

Action                   |  1- 3 |  4- 6 |  7- 9 | 10-12 | 13-15 | 16-18 | 19-21 | 22-24 || total
-------------------------+-------+-------+-------+-------+-------+-------+-------+-------++-------
Melee: Mace              |   126 |   203 |   462 |       |       |       |       |       ||   791
       Dire flail        |       |       |   119 |   365 |       |       |       |       ||   484
       Great mace        |       |       |       |   348 |       |       |       |       ||   348
       Morningstar       |       |       |       |   214 |  2087 |  2121 |  2423 |    81 ||  6926
Invok: Trog's Hand       |       |     1 |     6 |     7 |    32 |    10 |    10 |       ||    66
       Berserk           |       |       |     5 |     8 |    10 |     1 |     2 |       ||    26
       Brothers in Arms  |       |       |       |     4 |     9 |     2 |     3 |       ||    18
 Abil: Fly               |       |       |       |       |     1 |       |       |       ||     1
  Use: Scroll            |     4 |     8 |     2 |    17 |    15 |     7 |    15 |     1 ||    69
       Potion            |       |     1 |     2 |     3 |     3 |     1 |     4 |       ||    14
 Stab: Sleeping          |     1 |       |       |       |       |       |       |       ||     1
       Distracted        |       |       |       |       |     4 |     1 |       |       ||     5
       Confused          |       |       |       |       |       |     1 |       |       ||     1
  Eat: Chunk             |     2 |     7 |    15 |    14 |    39 |     8 |    35 |       ||   120
       Ration            |       |       |     1 |     8 |    11 |    11 |     5 |     1 ||    37
Armor: Robe              |    33 |       |       |       |       |       |       |       ||    33
       Ring mail         |    22 |    59 |       |       |       |       |       |       ||    81
       Plate armour      |       |    89 |   622 |   743 |   987 |       |       |       ||  2441
       Crystal plate arm |       |       |       |       |   386 |  1272 |  1221 |    40 ||  2919
Dodge: Dodged            |   132 |   103 |   180 |   354 |   783 |   729 |   820 |    40 ||  3141
Block: Other             |       |     8 |    78 |   128 |    85 |       |       |       ||   299
       Reflection        |       |       |     2 |     1 |    47 |   109 |   134 |     4 ||   297
       Shield            |       |       |       |       |   478 |       |       |       ||   478
       Buckler           |       |       |       |       |   334 |  1437 |  1620 |    74 ||  3465

Table legend:
 A = Non-vault XP
 B = Vault XP
 C = Vault XP percentage of total XP
 D = Non-vault monster count
 E = Vault monster count
 F = Vault count percentage of total count
                 A         B        C        D         E       F
            +---------+---------+-------+---------+---------+-------
      Total |  335447 |  268233 |  44.4 |     971 |     540 |  35.7
            +---------+---------+-------+---------+---------+-------
        D:1 |      62 |       0 |   0.0 |      33 |       0 |   0.0
        D:2 |     116 |       0 |   0.0 |      21 |       0 |   0.0
        D:3 |      69 |      25 |  26.6 |       6 |       3 |  33.3
        D:4 |     367 |       0 |   0.0 |      17 |       0 |   0.0
        D:5 |     885 |       0 |   0.0 |      28 |       0 |   0.0
        D:6 |     826 |       0 |   0.0 |      27 |       0 |   0.0
        D:7 |     623 |     387 |  38.3 |      14 |       2 |  12.5
        D:8 |    1693 |    4216 |  71.3 |      17 |      38 |  69.1
        D:9 |     773 |    1078 |  58.2 |      22 |       2 |   8.3
       D:10 |    4299 |       0 |   0.0 |      19 |       0 |   0.0
       D:11 |    1742 |    2137 |  55.1 |      23 |       2 |   8.0
       D:12 |    7374 |    1213 |  14.1 |      38 |       1 |   2.6
       D:13 |    4366 |    6090 |  58.2 |      18 |       9 |  33.3
       D:14 |    8249 |    5814 |  41.3 |      30 |      10 |  25.0
       D:15 |   15524 |    3754 |  19.5 |      38 |      12 |  24.0
     Lair:1 |     241 |       0 |   0.0 |       2 |       0 |   0.0
     Lair:2 |    1980 |    5906 |  74.9 |      11 |      46 |  80.7
     Lair:3 |    7237 |    4444 |  38.0 |      28 |      19 |  40.4
     Lair:4 |    5326 |    1546 |  22.5 |      18 |       9 |  33.3
     Lair:5 |    3633 |       0 |   0.0 |      17 |       0 |   0.0
     Lair:6 |    6418 |   10738 |  62.6 |      20 |      56 |  73.7
    Swamp:1 |   21321 |     798 |   3.6 |      50 |       2 |   3.8
    Swamp:2 |   11410 |    4361 |  27.7 |      33 |       4 |  10.8
    Swamp:3 |   10390 |    6805 |  39.6 |      35 |       9 |  20.5
    Swamp:4 |   15283 |    9420 |  38.1 |      43 |      19 |  30.6
    Snake:1 |    8665 |    2607 |  23.1 |      17 |       2 |  10.5
    Snake:2 |    9048 |       0 |   0.0 |      18 |       0 |   0.0
    Snake:3 |   16879 |     928 |   5.2 |      34 |       2 |   5.6
    Snake:4 |   23656 |   50747 |  68.2 |      48 |      69 |  59.0
      Orc:1 |    3075 |    7358 |  70.5 |      32 |      19 |  37.3
      Orc:2 |     425 |    3892 |  90.2 |       4 |      27 |  87.1
   Vaults:1 |   12238 |   23213 |  65.5 |      19 |      32 |  62.7
   Vaults:2 |   31574 |   28519 |  47.5 |      44 |      38 |  46.3
   Vaults:3 |   57082 |   37226 |  39.5 |      82 |      48 |  36.9
   Vaults:4 |   17791 |   33671 |  65.4 |      31 |      49 |  61.2
   Depths:1 |   20515 |    9662 |  32.0 |      26 |       8 |  23.5
   Depths:2 |    4017 |       0 |   0.0 |       7 |       0 |   0.0
    Abyss:3 |     275 |       0 |   0.0 |       1 |       0 |   0.0
    Volcano |       0 |    1678 | 100.0 |       0 |       3 | 100.0
            +---------+---------+-------+---------+---------+-------
